Map: Catalyst LE

Players

Krush - Winner!

  • Race: Terran Terran
  • League: Platinum
  • Spawn Location: 5:00

axu

  • Race: Protoss Protoss
  • League: Platinum
  • Spawn Location: 11:00

VOD

Have the link to the VOD?

Description

Time

  • Played on: March 30, 2018, 11:31 a.m.
  • Length: 18:40
Show
View Real Time Build Order
Export as new Build Order

Krush Terran - Winner!

Build Orders: MMM Bio 

Get SALT Encoding   

  12  0:01  SCV  
  13  0:13  SCV  
  14  0:17  Supply Depot  
  14  0:24  Refinery  
  14  0:29  SCV  
  15  0:41  SCV  
  16  0:47  Barracks  
  16  0:56  Refinery  
  16  0:58  SCV  
  17  1:10  SCV  
  18  1:23  SCV  
  19  1:35  Orbital Command  
  19  1:44  Factory  
  19  1:46  Barracks Tech Lab  
  19  2:03  Supply Depot  
  19  2:06  SCV  
  20  2:14  Marauder  
  22  2:20  SCV  
  23  2:40  SCV  
  23  2:42  Siege Tank  
  23  2:43  Marine  
  28  2:49  Supply Depot  
  28  2:57  SCV  
  29  3:00  Supply Depot  
  29  3:01  Marine  
  30  3:09  SCV  
  31  3:14  Siege Tank  
  31  3:19  Marine  
  35  3:21  SCV  
  35  3:23  Supply Depot  
  36  3:34  SCV  
  37  3:37  Marine  
  38  3:46  SCV  
  39  3:54  Marine  
  40  3:56  Siege Tank  
  40  3:58  SCV  
  44  4:09  Supply Depot  
  44  4:10  SCV  
  44  4:11  Command Center  
  44  4:16  Engineering Bay  
  45  4:22  SCV  
  45  4:23  Marine  
  45  4:34  SCV  
  45  4:38  Siege Tank  
  48  4:41  Marine  
  49  4:46  SCV  
  43  4:58  SCV  
  43  4:59  Marine  
  41  5:01  Terran Infantry Weapons Level 1  
  41  5:05  Barracks  
  41  5:10  SCV  
  42  5:19  Missile Turret  
  42  5:22  SCV, Barracks Tech Lab  
  42  5:26  Orbital Command  
  43  5:30  Starport, Siege Tank  
  43  5:35  SCV  
  47  5:42  Engineering Bay  
  47  5:47  SCV  
  48  5:50  Marine  
  48  5:52  Stimpack  
  48  5:53  Barracks Reactor  
  48  5:55  Barracks  
  49  5:59  SCV x2  
  51  6:06  Refinery  
  51  6:08  Missile Turret  
  51  6:11  SCV x2  
  51  6:12  Supply Depot  
  51  6:17  Terran Infantry Armor Level 1  
  53  6:22  Armory  
  53  6:25  Marine, SCV  
  54  6:31  SCV  
  56  6:33  Marine  
  56  6:34  Medivac, Marine  
  59  6:43  Marine  
  59  6:45  Barracks Reactor  
  60  6:47  Barracks  
  60  6:50  SCV  
  60  6:51  Marine, Siege Tank  
  60  6:52  Marine  
  60  6:53  SCV  
  67  7:00  Refinery, Supply Depot  
  67  7:04  Supply Depot, Marine  
  67  7:06  Starport Reactor  
  68  7:08  Marine  
  68  7:11  Marine  
  70  7:19  Missile Turret  
  70  7:22  Marine  
  71  7:25  Marine  
  71  7:26  Marine  
  71  7:27  Marine, SCV  
  71  7:28  SCV  
  65  7:51  Orbital Command  
  65  7:53  Marine x3, Combat Shields  
  67  8:05  Marine x2  
  66  8:06  Marine  
  66  8:11  Marine x3, SCV  
  70  8:21  SCV  
  70  8:23  Marine x3, SCV  
  75  8:28  Marine  
  75  8:33  SCV  
  77  8:37  Marine x2  
  77  8:41  Marine  
  79  8:43  Terran Infantry Weapons Level 2  
  79  8:46  Terran Infantry Armor Level 2  
  80  8:49  Medivac  
  82  9:00  SCV  
  82  9:01  SCV  
  82  9:02  Marine x2  
  85  9:06  Barracks Reactor  
  86  9:12  Medivac  
  86  9:13  SCV x2  
  90  9:19  Marine  
  91  9:25  SCV  
  91  9:27  Refinery  
  91  9:30  Command Center, Supply Depot  
  92  9:35  Marine x2  
  92  9:36  Marine  
  95  9:43  Marine x2  
  95  9:44  Marine x2  
  99  9:51  SCV x2  
  101  9:53  Marine x3  
  104  10:01  Marine  
  104  10:04  Marine x2  
  104  10:06  Siege Tank  
  110  10:31  Medivac, Marine x5, SCV  
  110  10:32  Supply Depot  
  118  10:36  Supply Depot  
  118  10:41  Marine  
  118  10:42  Medivac, Marine, SCV  
  110  11:03  Marine  
  111  11:04  Marine x6  
  111  11:05  SCV x2  
  111  11:08  Planetary Fortress  
  111  11:11  Missile Turret  
  119  11:17  SCV x2  
  121  11:21  Marine  
  121  11:22  Marine  
  123  11:27  Terran Infantry Weapons Level 3  
  123  11:29  SCV x2  
  125  11:45  Marine x3  
  128  11:48  SCV x3  
  128  11:51  Refinery  
  128  11:52  Refinery  
  131  11:55  Terran Infantry Armor Level 3, Marine x2  
  131  11:56  Marine  
  131  12:00  SCV x2  
  136  12:01  Marine  
  136  12:03  Medivac, Marine x2  
  141  12:20  Marine x3  
  141  12:21  Marine  
  145  12:26  Marine x2  
  147  12:33  SCV x2  
  149  12:47  Supply Depot  
  149  12:50  Supply Depot  
  149  12:51  Marauder, Marine x2, SCV x3  
  156  13:03  SCV  
  157  13:07  Command Center  
  157  13:09  Marine x3  
  157  13:10  Supply Depot, SCV x2  
  157  13:11  Marine x2  
  164  13:13  Supply Depot  
  143  13:32  Marine  
  143  13:33  Marauder, Marine x4  
  143  13:34  Marine, Supply Depot  
  134  13:40  Medivac  
  119  13:50  Marine x2  
  119  13:51  Marine x3  
  119  13:52  Marine  
  119  13:55  Marauder  
  127  13:56  Barracks  
  127  14:02  Barracks  
  127  14:04  Barracks  
  127  14:06  Missile Turret  
  127  14:08  Marine x2  
  128  14:11  Barracks  
  128  14:16  Marauder  
  119  14:28  Marine, Siege Tank  
  119  14:29  Marine  
  123  14:38  Marauder, Marine x4  
  125  14:39  SCV x2  
  129  14:49  Barracks Tech Lab  
  129  14:52  Planetary Fortress  
  129  14:55  Missile Turret  
  129  14:59  Marauder  
  131  15:00  Terran Ship Weapons Level 1  
  131  15:02  Medivac x2  
  135  15:07  Marine x2  
  135  15:08  Marauder, Marine x3  
  135  15:13  SCV  
  135  15:14  SCV  
  141  15:18  Barracks Tech Lab x2  
  141  15:20  Marauder  
  143  15:29  Refinery, Marauder  
  143  15:32  Medivac  
  147  15:42  Marauder  
  149  15:46  SCV  
  149  15:47  SCV x3  
  149  15:49  Refinery  
  153  15:50  Marauder  
  155  15:58  SCV  
  155  15:59  Marine x2, SCV  
  155  16:00  Marine x5  
  155  16:01  Marauder  
  155  16:03  Marauder  
  168  16:09  Medivac  
  168  16:10  Command Center  
  170  16:12  Marauder  
  170  16:17  Marine x3  
  170  16:18  Marine  
  176  16:19  Marauder  
  176  16:21  Ghost Academy  
  176  16:22  Marauder  
  176  16:25  Marauder  
  182  16:33  Marauder  
  170  16:40  Marauder  
  170  16:44  Marine x3  
  170  16:45  Marauder  
  170  16:46  Marauder, Marine x2  
  176  16:50  Marine  
  176  16:53  Medivac x2  
  173  16:55  Marauder  
  172  17:01  Marauder  
  172  17:02  Marine x3  
  172  17:04  Marine x2, SCV x2  
  172  17:06  Marauder  
  172  17:07  Marauder  
  172  17:08  Marine  
  179  17:16  Marauder  
  179  17:20  Marine x3  
  181  17:23  Marauder  
  181  17:26  Marine x3  
  181  17:27  Marauder  
  181  17:29  Marauder  
  186  17:37  Marauder, Marine  
  186  17:38  Marine x2  
  186  17:40  SCV  
  192  17:44  Marauder, Marine x3  
  192  17:46  Planetary Fortress  
  192  17:48  Missile Turret  
  192  17:49  Marauder  
  199  17:55  Marine  
  200  18:07  Barracks  
  200  18:09  Barracks  
  200  18:10  Marauder, Barracks  
  194  18:15  Marine  
  194  18:16  Marauder x2, Marine  
Show
View Real Time Build Order
Export as new Build Order

axu Protoss 

Build Orders: 1 Gate Expand 

Get SALT Encoding   

  12  0:00  Probe  
  13  0:13  Probe  
  14  0:18  Pylon  
  14  0:25  Probe  
  15  0:37  Probe (Chrono Boost)  
  15  0:38  Gateway  
  16  0:49  Probe (Chrono Boost)  
  17  0:51  Assimilator  
  17  0:58  Probe (Chrono Boost)  
  17  1:03  Probe  
  19  1:15  Probe  
  20  1:27  Nexus  
  20  1:39  Assimilator  
  20  1:42  Pylon  
  20  1:45  Probe  
  21  2:02  Probe  
  22  2:15  Probe  
  23  2:23  Cybernetics Core  
  23  2:28  Probe  
  24  2:38  Probe  
  24  2:40  Probe  
  26  2:46  Gateway  
  26  2:50  Probe  
  27  2:53  Probe  
  27  2:58  Warp Gate (Chrono Boost)  
  28  3:03  Probe  
  28  3:05  Probe  
  30  3:07  Robotics Facility  
  30  3:10  Stalker  
  32  3:14  Shield Battery  
  32  3:16  Probe  
  32  3:17  Probe  
  34  3:28  Pylon, Probe  
  34  3:29  Probe  
  34  3:34  Stalker  
  38  3:40  Probe  
  40  3:41  Probe  
  40  3:43  Shield Battery  
  40  3:53  Probe  
  40  3:57  Stalker (Chrono Boost)  
  40  3:58  Immortal  
  46  4:05  Pylon  
  46  4:07  Stalker (Chrono Boost)  
  46  4:08  Pylon  
  42  4:58  Pylon  
  42  5:01  Assimilator, Pylon  
  42  5:02  Immortal (Chrono Boost)  
  42  5:04  Stalker x2, Assimilator  
  50  5:13  Gateway  
  50  5:14  Gateway  
  50  5:15  Twilight Council  
  50  5:19  Probe x2  
  52  5:33  Observer  
  54  5:35  Probe (Chrono Boost)  
  54  5:40  Probe (Chrono Boost)  
  55  5:45  Stalker x2  
  55  5:46  Probe (Chrono Boost)  
  61  5:50  Probe (Chrono Boost)  
  61  5:51  Pylon  
  61  5:53  Pylon  
  61  5:59  Observer  
  62  6:06  Probe x2  
  62  6:09  Stalker x4  
  62  6:11  Blink (Chrono Boost)  
  72  6:18  Probe x2  
  74  6:43  Nexus  
  74  6:44  Immortal  
  74  6:45  Stalker x3  
  84  7:05  Pylon  
  84  7:07  Pylon  
  84  7:13  Templar Archives  
  84  7:16  Adept x4  
  92  7:23  Immortal  
  92  7:56  Probe  
  85  8:26  Probe x3  
  88  8:29  Assimilator  
  88  8:33  Assimilator  
  88  8:37  Gateway  
  88  8:38  Gateway, Probe x2  
  88  8:40  Gateway  
  90  8:41  Sentry x2  
  90  8:42  Sentry x2, Gateway  
  90  8:45  Immortal  
  102  8:51  Forge  
  102  8:52  Forge  
  102  8:59  Probe x3  
  105  9:11  Probe x3  
  108  9:18  High Templar x4  
  108  9:23  Protoss Ground Armor Level 1, Probe x2  
  118  9:25  Protoss Ground Weapons Level 1  
  118  9:31  Probe  
  118  9:35  Probe x2  
  121  9:40  Immortal  
  125  9:51  Probe  
  106  10:34  Pylon  
  106  10:36  Pylon  
  106  10:39  Pylon  
  106  10:42  Pylon  
  106  10:44  Pylon  
  106  10:46  Pylon  
  70  10:58  Zealot x5  
  70  10:59  Zealot x2  
  74  11:06  Charge (Chrono Boost)  
  74  11:16  Stalker  
  74  11:18  Psionic Storm  
  76  11:32  Robotics Facility  
  76  11:34  Zealot x4  
  76  11:36  Stalker x2  
  76  11:37  Stalker  
  90  11:40  Protoss Ground Weapons Level 2 (Chrono Boost)  
  90  11:41  Protoss Ground Armor Level 2 (Chrono Boost)  
  90  11:43  Nexus  
  90  12:18  Zealot x2  
  90  12:19  Zealot  
  90  12:20  High Templar x5  
  106  12:27  Archon x2  
  103  12:40  Immortal x2  
  103  12:42  Stalker  
  103  12:43  Stalker x2  
  117  12:58  Stalker x5  
  127  13:10  High Templar x3  
  83  13:46  Zealot  
  83  13:47  Zealot x5  
  83  13:48  Zealot x2  
  69  14:46  Nexus  
  69  14:47  Zealot  
  69  14:48  Zealot x4, Nexus  
  69  14:49  High Templar x3  
  85  15:10  Nexus  
  85  15:14  Pylon  
  85  15:20  Zealot x2  
  85  15:21  Zealot x3  
  95  15:52  Assimilator  
  95  15:57  Assimilator  
  95  16:21  Immortal  
  95  16:23  Zealot  
  49  17:00  Probe x3  
  51  17:04  Zealot  
  51  17:05  Zealot x4  
  59  17:12  Probe x2  
  47  17:23  Probe  
  47  17:24  Probe x2  
  48  17:35  Pylon, Probe  
  49  17:42  Pylon  
  49  17:50  Probe  
  50  17:52  Assimilator  
  50  17:56  Assimilator  
  48  18:18  Stalker x4  
Tags
 
Composition
MMM Bio
Matchup
PvT
Spawn Locations
Cross Positions
Add a new tag
Caveats
  • Supply blocks, unpowered buildings, or Contaminate may cause inaccurate times.
  • Supply counts are checked every 10 seconds.